 Dungeon Crawl Stone Soup version 0.18-a0-1285-g60d00e1 (webtiles) character file.

250 M4edhros the Sneak (level 6, -5/42 HPs)
             Began as an Octopode Chaos Knight on Feb 8, 2016.
             Slain by an orc priest
             ... wielding a +0 falchion
              (10 damage)
             ... on level 5 of the Dungeon.
             The game lasted 00:06:30 (6608 turns).

M4edhros the Sneak (Octopode Chaos Knight)          Turns: 6608, Time: 00:06:30

Health: -5/42      AC:  2    Str: 11    XL:     6   Next: 13%
Magic:  6/6        EV: 13    Int: 17    God:    Xom [..*...]
Gold:   195        SH:  0    Dex: 11    Spells: 0 memorised, 5 levels left

rFire  + . .     SeeInvis .     a - +0 spear (chaos)
rCold  . . .     Gourm    .     (no shield)
rNeg   . . .     Faith    .     (helmet restricted)
rPois  .         Spirit   .     (no amulet)
rElec  .         Dismiss  .     (no ring)
rCorr  .         Reflect  .     (no ring)
SustAt .         Harm     .     (no ring)
MR     .....                    (no ring)
Stlth  ++........               (no ring)
                                (no ring)
                                (no ring)
                                (no ring)

@: confused, not resistant to hostile enchantments, unstealthy
A: almost no armour, amphibious, 8 rings, constrict 8, molten scales 1,
camouflage 1, blurry vision 1, fire resistance 1, gelatinous body 1, evolution 1
a: Renounce Religion


You were on level 5 of the Dungeon.
You worshipped Xom.
You were a toy of Xom.
You were not hungry.

You visited 1 branch of the dungeon, and saw 5 of its levels.

You collected 195 gold pieces.

Inventory:

Hand Weapons
 a - a +0 spear of chaos (weapon)
 c - a +3 short sword
 f - a +0 hunting sling
Missiles
 g - 150 stones (quivered)
Armour
 e - a +0 buckler
Jewellery
 h - an uncursed ring of ice
 i - an uncursed ring of ice
Scrolls
 d - 2 scrolls of magic mapping {unknown}
 k - a scroll of blinking {unknown}
 l - a scroll of identify {unknown}
 m - a scroll of random uselessness {unknown}
 n - a scroll of enchant weapon {unknown}
Comestibles
 b - a bread ration


   Skills:
 - Level 3.0 Fighting
 - Level 3.0 Polearms
 + Level 1.8 Slings
 + Level 4.0 Dodging
 + Level 5.1 Stealth
 + Level 2.0 Shields


You had 5 spell levels left.
You didn't know any spells.

Dungeon Overview and Level Annotations

Branches:
Dungeon (5/15)
 Temple: D:4-7

Altars:
Gozag
Makhleb
Okawaru
Qazlal
Zin


Innate Abilities, Weirdness & Mutations

You cannot wear most types of armour.
You are amphibious.
You can wear up to eight rings at the same time.
You can use your tentacles to constrict eight enemies at once.
Your skin changes colour to match your surroundings (Stealth).
Your rubbery body absorbs attacks (AC +1).
You are partially covered in molten scales (AC +1).
Scrolls take you a little longer to read.
Your flesh is heat resistant.
You evolve.


Message History

The orc wizard is moving more slowly.
You grab the orc wizard.
The orc wizard is heavily wounded.
You constrict the orc wizard, but do no damage.
The orc wizard hits you with a dagger.
Attack whom?
Press: ? - help, Dir - move target cursor, f/p - orc wizard
Aim: an orc wizard, wielding a dagger and wearing a robe (heavily wounded, constricted by you, slowly petrifying, heavily drained)
You hit the orc wizard.
The orc wizard is poisoned.
The orc wizard is severely wounded.
You constrict the orc wizard, but do no damage.
You hear something mumble some strange prayers to Beogh against you.
Pain shoots through your body!
* * * LOW HITPOINT WARNING * * *
The orc wizard hits you but does no damage.
Drink which item? (? for menu, Esc to quit)
It was a potion of ambrosia.
You are confused.
You feel invigorated.
You constrict the orc wizard.
The orc wizard stops moving altogether!
Something hits you!
You die...

.###### ..... #########
..... ........# ...o
........#. #.o#
........#..##..#########
........#......#@..'...#
........#......#o..#...#
........#....o.'...#...#
........#########..###.#
#####.....############.###
#.†...#..............#
+.....+..............#
###.....#####.....##..##
........#..##.....##..#


You could see an orc wizard (petrified).

Vanquished Creatures
  An ogre (D:4)
  A scorpion (D:5)
  2 adders
  2 oozes
  2 worms (D:2)
  A giant gecko (D:1)
  5 orcs
  2 giant cockroaches
  10 goblins
  9 hobgoblins
  2 jackals (D:1)
  A quokka (D:2)
  3 ball pythons
  4 bats
  2 giant newts
  8 kobolds
  7 rats
62 creatures vanquished.

Vanquished Creatures (collateral kills)
  An orc wizard (D:4)
  An orc (D:4)
2 creatures vanquished.

Grand Total: 64 creatures vanquished

Notes
Turn   | Place    | Note
--------------------------------------------------------------
     0 | D:1      | M4edhros the Octopode Chaos Knight began the quest for the Orb.
     0 | D:1      | Reached XP level 1. HP: 16/16 MP: 1/1
   158 | D:1      | Reached skill level 1 in Stealth
   216 | D:1      | Reached XP level 2. HP: 9/21 MP: 2/2
   850 | D:1      | XOM: harmless Ice miscast
   901 | D:1      | Reached XP level 3. HP: 26/26 MP: 3/3
   980 | D:1      | XOM: harmless Divn miscast
  1104 | D:1      | XOM: silly message
  1559 | D:2      | XOM: harmless Fire miscast
  1775 | D:2      | XOM: harmless Divn miscast
  2613 | D:2      | XOM: harmless Necr miscast
  2649 | D:2      | XOM: butterfly on damage
  2784 | D:2      | XOM: harmless Fire miscast
  2845 | D:2      | XOM: harmless Hex miscast
  3173 | D:2      | XOM: vitrification
  3435 | D:2      | Found an iron altar of Okawaru.
  3563 | D:2      | XOM: 1-stop teleportation journey
  3847 | D:1      | Reached XP level 4. HP: 25/31 MP: 4/4
  3953 | D:1      | XOM: vitrification
  4086 | D:1      | XOM: colour smoke trail
  4562 | D:1      | XOM: summons 2 hostile demons
  4563 | D:1      | Noticed a chaos spawn
  4892 | D:1      | XOM is BORED!
  4892 | D:1      | XOM: give mutations
  4892 | D:1      | Gained mutation: You are partially covered in molten scales (AC +1). [Xom's mischief]
  4892 | D:1      | Gained mutation: Scrolls take you a little longer to read. [Xom's mischief]
  5111 | D:2      | XOM: mild Air miscast
  5280 | D:2      | Reached skill level 4 in Stealth
  5296 | D:2      | XOM: noise
  5363 | D:3      | XOM: noise
  5470 | D:4      | Found an opulent altar of Gozag.
  5478 | D:4      | XOM: summons 3 friendly demons
  5494 | D:4      | Reached skill level 1 in Shields
  5494 | D:4      | Reached XP level 5. HP: 25/36 MP: 5/5
  5511 | D:4      | Noticed an ogre
  5526 | D:4      | Killed an ogre
  5526 | D:4      | Reached skill level 1 in Slings
  5547 | D:4      | Found a burning altar of Makhleb.
  5553 | D:4      | Found a glowing silver altar of Zin.
  5553 | D:4      | Noticed an angel
  5554 | D:4      | Noticed a balrug
  5726 | D:4      | XOM: divination: magic mapping
  5832 | D:4      | XOM: give mutations
  5832 | D:4      | Gained mutation: You evolve. [Xom's grace]
  5832 | D:4      | Gained mutation: Your flesh is heat resistant. [Xom's grace]
  5981 | D:4      | XOM: colour smoke trail
  6312 | D:4      | Found a stormy altar of Qazlal.
  6383 | D:4      | XOM: mild Summ miscast
  6393 | D:5      | Entered Level 5 of the Dungeon
  6405 | D:5      | Reached skill level 5 in Stealth
  6405 | D:5      | Reached XP level 6. HP: 22/42 MP: 6/6
  6605 | D:5      | XOM: mild Erth miscast
  6607 | D:5      | HP: 1/42 [something/nerve-wracking pain (14)]
  6608 | D:5      | Slain by an orc priest

Vault maps used:
D:1:      sevenhm_arrival_forest_fort_small_3, serial_glass, glass_columns_a,
          glass_columns_c, glass_columns_a, glass_columns_a, glass_columns_b,
          glass_columns_a, glass_columns_b, glass_columns_c
D:2:      okawaru_gym_becter
D:3:      ecumenical_altar_2, minmay_misc_feat_chi
D:4:      grunt_temple_overflow_order_and_chaos_2, grunt_qazlal_clouds,
          kennysheep_mini_moat, serial_shops, shop
D:5:      first_bread, minmay_statues_item, uniq_menkaure

Action                   |  1- 3 |  4- 6 || total
-------------------------+-------+-------++-------
Melee: Spear             |    83 |    70 ||   153
  Use: Potion            |       |     4 ||     4
 Stab: Confused          |     1 |       ||     1
       Sleeping          |     5 |     4 ||     9
       Distracted        |     1 |     3 ||     4
  Eat: Chunk             |     9 |     4 ||    13
       Beef jerky        |       |     1 ||     1
       Bread ration      |       |     1 ||     1
